 Dungeon Crawl Stone Soup version 0.28.0-1-gb440e238dd (webtiles) character file.

Game seed: 5484718588827060396

93 zeram the Sneak (level 4, -2/22 HPs)
             Began as a Spriggan Brigand on Feb 26, 2022.
             Slain by Natasha (8 damage)
             ... on level 3 of the Dungeon.
             The game lasted 00:02:53 (3853 turns).

zeram the Sneak (Spriggan Brigand)                  Turns: 3853, Time: 00:02:54

Health: -2/22      AC:  3    Str:  7    XL:     4   Next: 36%
Magic:  5/5        EV: 18    Int: 12    God:
Gold:   77         SH:  0    Dex: 18    Spells: 3/3 levels left

rFire   . . .      SeeInvis +   a - +2 dagger
rCold   + . .      Faith    .   (no shield)
rNeg    . . .      Spirit   .   b - +0 robe
rPois   .          Reflect  .   (helmet restricted)
rElec   .          Harm     .   c - +0 cloak
rCorr   .          Rampage  .   (gloves unavailable)
Will    .....                   (boots unavailable)
Stlth   ++++......              (no amulet)
HPRegen 0.07/turn               f - ring of protection from cold
MPRegen 0.09/turn               (no ring)

@: very quick
A: very small, no large weapons, unfitting armour, see invisible, speed 3
a: no special abilities


You were on level 3 of the Dungeon.
You visited 1 branch of the dungeon, and saw 3 of its levels.

You collected 77 gold pieces.

Inventory:

Hand Weapons
 a - a +2 dagger (weapon)
Missiles
 d - 12 poisoned darts (quivered)
 e - 2 curare-tipped darts
Armour
 b - a +0 robe (worn)
 c - a +0 cloak (worn)
Jewellery
 f - a ring of protection from cold (left hand)
 n - an amulet of faith
Scrolls
 g - a scroll of teleportation
 h - a scroll of identify
 k - a scroll of acquirement {unknown}
 l - a scroll of fog {unknown}
Potions
 i - a potion of brilliance
 j - a potion of degeneration {unknown}
 m - a potion of cancellation {unknown}


   Skills:
 - Level 1.5 Fighting
 + Level 3.0 Short Blades
 - Level 2.0 Throwing
 * Level 3.6 Dodging
 + Level 7.2 Stealth


You had 3 spell levels left.
You didn't know any spells.
Your spell library was empty.

Dungeon Overview and Level Annotations

Branches:
Dungeon (3/15)

Altars:
Nemelex Xobeh

Shops:
D:2 =

Annotations:
D:3 Natasha, Robin


Innate Abilities, Weirdness & Mutations

You are very small and have problems with some larger weapons.
You are too small for most types of armour.
You have supernaturally acute eyesight. (SInv)
You cover ground extremely quickly. (Speed+++)


Message History

Natasha closely misses you.
You barely miss Natasha.
Natasha is moderately wounded.
Natasha wildly gestures.
Natasha's front paws start to glow.
Natasha misses you.
You closely miss Natasha.
Natasha is moderately wounded.
Natasha zaps a wand.
The puff of flame misses you.
You hit Natasha but do no damage.
Natasha is moderately wounded.
You hit Natasha but do no damage.
Natasha is moderately wounded.
Natasha claws you.
You closely miss Natasha.
Natasha is moderately wounded.
Natasha casts a spell at you.
You easily resist.
You completely miss Natasha.
Natasha is moderately wounded.
Natasha closely misses you.
You closely miss Natasha.
Natasha is moderately wounded.
Natasha mumbles some strange words.
You completely miss Natasha.
Natasha is moderately wounded.
Natasha growls.
Natasha stares at you and mumbles some strange words.
The magic dart hits you.
* * * LOW HITPOINT WARNING * * *
You hit Natasha.
Natasha is heavily wounded.
The crimson imp blinks!
Natasha misses you.
You hit Natasha.
Natasha is severely wounded.
The crimson imp blinks!
You hit Natasha.
Natasha is severely wounded.
Natasha claws you!
You die...

######.#...........#
#..#.#.#
.....#....###......#
#..#.#.# ####.#....#
#####.## #.>#.# #
..##.#.#..# .#####
#..#.. ..##.#....#
......# #..###
####.#<#.######.......#
...#
###.###.##...........#.
#.# #...#
#>#...####.§.....
#.#####........@h.....5
#.##..........##.......
#.##.####.....# .......
#.## #.....#..# ....§..
#.# #.###.#..# .......
##.## # #.#..# .#.####
....# #.#... .#.# #####
#.##.#..#.# #....#..


You could see Natasha and a crimson imp (summoned).

Vanquished Creatures
  3 adders
  2 dart slugs
  3 ball pythons
  An endoplasm (D:2)
  4 goblins
  6 hobgoblins
  15 jackals
  A quokka (D:2)
  4 bats
  3 frilled lizards (D:2)
  6 kobolds
  8 rats
56 creatures vanquished.

Vanquished Creatures (others)
  2 plants (D:1)
  4 withered plants (D:1)
6 creatures vanquished.

Grand Total: 62 creatures vanquished

Notes
Turn   | Place    | Note
-------+----------+-------------------------------------------
     0 | D:1      | zeram the Spriggan Brigand began the quest for the Orb.
     0 | D:1      | Reached XP level 1. HP: 10/10 MP: 2/2
    55 | D:1      | Found a faded altar of an unknown god.
    93 | D:1      | Reached skill level 6 in Stealth
   403 | D:1      | Reached XP level 2. HP: 10/14 MP: 3/3
   897 | D:1      | Reached XP level 3. HP: 17/18 MP: 4/4
  2268 | D:2      | Reached skill level 7 in Stealth
  2540 | D:2      | Reached XP level 4. HP: 14/22 MP: 5/5
  2666 | D:2      | Found Vaof Sikh's Jewellery Shoppe.
  3184 | D:3      | Found a sparkling altar of Nemelex Xobeh.
  3242 | D:3      | Noticed Robin
  3834 | D:3      | Noticed Natasha
  3853 | D:3      | Slain by Natasha

Illustrated notes

Levels and vault maps discovered:
D:1:      kennysheep_arrival_forest, layout_basic,
          shapermc_ecumenical_altar_flowoftime
D:2:      layout_basic, serial_shops, nicolae_square_shop
D:3:      layout_basic, mainiacjoe_overflow_alcove_1, nrook_mini_backslash,
          uniq_natasha, uniq_robin

Skill      XL: |  1  2  3  4 |
---------------+-------------+-----
Stealth        | 6 7 |  7.2
Dodging        | 2 3 |  3.6
Short Blades   | 3 |  3.0
Fighting       | |  1.5
Throwing       | |  2.0

Action                   |  1- 3 |  4- 6 || total
-------------------------+-------+-------++-------
Melee: Dagger            |   219 |    56 ||   275
       Punch             |     1 |       ||     1
  Use: Scroll            |       |     6 ||     6
 Stab: Sleeping          |    13 |     2 ||    15
       Distracted        |     1 |       ||     1
Armor: Robe              |    30 |    10 ||    40
Dodge: Dodged            |   179 |    71 ||   250
